 Dungeon Crawl Stone Soup version 0.28.0 (console) character file.

Game seed: 17735458083150808092

130194 isthmus the Fighter (level 16, -1/120 (133) HPs)
             Began as a Mummy Cinder Acolyte on Feb 10, 2022.
             Was a Priest of Ignis.
             Slain by a tarantella (7 damage)
             ... on level 2 of the Spider Nest on Feb 11, 2022.
             The game lasted 04:06:25 (57359 turns).

isthmus the Fighter (Mummy Cinder Acolyte)         Turns: 57359, Time: 04:06:25

HP:   -1/120 (133)  AC: 17    Str: 20    XL:     16   Next: 52%
MP:   24/25         EV:  9    Int: 17    God:    Ignis [***...]
Gold: 1322          SH:  0    Dex:  9    Spells: 19/27 levels left

rFire   + . .      SeeInvis +   v - +6 spear (venom)
rCold   + . .      Faith    .   B - +1 kite shield {rF+}
rNeg    + + +      Spirit   .   A - +1 plate armour {Will+}
rPois   ∞          Reflect  .   P - +1 helmet {SInv}
rElec   .          Harm     .   O - +1 cloak
rCorr   .          Rampage  .   o - +2 pair of gloves {infuse}
Will    +++..                   C - +0 pair of boots
Stlth   ..........              c - amulet of the acrobat
HPRegen 0.30/turn               q - +4 ring of protection
MPRegen 0.19/turn               h - +4 ring of evasion

@: confused, corroded, drained
A: cold resistance 1, negative energy resistance 3, torment resistance 2, heat
vulnerability 1, in touch with death 1, no potions
a: Renounce Religion, Fiery Armour, Foxfire Swarm, Rising Flame


You were on level 2 of the Spider Nest.
You worshipped Ignis.
Ignis was most pleased with you.
You visited 6 branches of the dungeon, and saw 28 of its levels.
You also visited: Ice Cave.

You collected 2351 gold pieces.
You spent 1029 gold pieces at shops.

Inventory:

Hand Weapons
 a - the +5 spear "Haibbiar" {elec, rElec rN++ rCorr Int-2}
   (You found it on level 2 of the Dungeon)

   It occasionally discharges a powerful burst of electricity upon striking a
   foe.
   Int:       It affects your intelligence (-2).
   rElec:     It insulates you from electricity.
   rN:        It greatly protects you from negative energy.
   rCorr:     It protects you from acid and corrosion.
 b - a +1 battleaxe of freezing
 f - a +0 scimitar of flaming
 u - a +0 scythe of freezing
 v - a +6 spear of venom (weapon)
Missiles
 s - 13 boomerangs
 y - 19 poisoned darts
 z - a throwing net
 E - 11 curare-tipped darts (quivered)
 F - 5 javelins
 K - 3 atropa-tipped darts
Armour
 o - a +2 pair of gloves of infusion (worn)
 A - a +1 plate armour of willpower (worn)
 B - a +1 kite shield of fire resistance (worn)
 C - a +0 pair of boots (worn)
 N - a +2 scale mail of cold resistance
 O - a +1 cloak (worn)
 P - a +1 helmet of see invisible (worn)
Magical Staves
 e - a staff of poison
Jewellery
 c - an amulet of the acrobat (around neck)
 h - a +4 ring of evasion (right hand)
 q - a +4 ring of protection (left hand)
 D - a ring of fire
 G - a +4 ring of protection
 H - a ring of ice
Wands
 r - a wand of polymorph (7)
 w - a wand of digging (8)
 I - a wand of charming (6)
 J - a wand of iceblast (5)
Scrolls
 g - a scroll of brand weapon
 i - 4 scrolls of fog
 j - a scroll of immolation
 k - 2 scrolls of magic mapping
 m - 2 scrolls of identify
 n - 7 scrolls of teleportation
 p - 4 scrolls of vulnerability
 x - 2 scrolls of enchant weapon
 L - a scroll of amnesia
 M - 2 scrolls of torment


   Skills:
 * Level 14.3 Fighting
 - Level 3.5 Long Blades
 - Level 13.0 Polearms
 - Level 5.0 Throwing
 * Level 10.9 Armour
 + Level 12.5 Shields
 + Level 6.1 Spellcasting
 + Level 2.1 Translocations
 - Level 3.0 Fire Magic
 - Level 6.0 Evocations


You had 19 spell levels left.
You knew the following spells:

 Your Spells              Type           Power      Damage    Failure   Level
a - Scorch                Fire           30%        2d6       87%         2
c - Mephitic Cloud        Conj/Pois/Air  5%         N/A       100%        3
q - Blink                 Tloc           24%        N/A       94%         2
v - Foxfire               Conj/Fire      40%        2x1d6     91%         1

Your spell library contained the following spells:

 Spells                   Type           Power      Damage    Failure   Level
 Magic Dart               Conj           20%        1d4       99%         1
 Call Imp                 Summ           5%         N/A       99%         2
 Ensorcelled Hibernation  Hex/Ice        10%        N/A       99%         2
 Passwall                 Tmut/Erth      4%         N/A       99%         2
 Lesser Beckoning         Tloc           12%        N/A       99%         3
 Conjure Flame            Conj/Fire      10%        6-21      100%        3
 Ignite Poison            Fire/Tmut/Pois 8%         N/A       100%        3
 Inner Flame              Hex/Fire       10%        N/A       100%        3
 Swiftness                Air            5%         N/A       100%        3
 Flame Wave               Conj/Fire      10%        2d5       100%        4
 Freezing Cloud           Conj/Ice/Air   2%         6-21      100%        5
 Manifold Assault         Tloc           12%        N/A       100%        5
 Summon Forest            Summ/Tloc      4%         N/A       100%        5
 Eringya's Noxious Bog    Tmut/Pois      2%         N/A       100%        6
 Summon Cactus Giant      Summ           2%         N/A       100%        6
 Summon Hydra             Summ           2%         N/A       100%        7


Dungeon Overview and Level Annotations

Branches:
Dungeon (15/15)            Temple (0/1) D:6            Lair (6/6) D:10
 Shoals (1/4) Lair:2       Spider (3/4) Lair:2        Slime (0/5) Lair:6
    Orc (2/2) D:11            Elf (1/3) Orc:2        Vaults (0/5) D:14
 Depths (0/4) D:15          IceCv (visited)

Altars:
Dithmenos
Elyvilon
Gozag
Okawaru
Qazlal
Ru
Vehumet
Yredelemnul
Beogh
Jiyva

Shops:
D:4 **   D:7 [   D:15 !   Orc:2 :[(!

Portals:
Abyss: D:13

Annotations:
D:13 2 transporters, Dittersdorf's ghost, journeyman MiBe
Lair:3 2 transporters
Shoals:1 !wind drake and 20 harpies
Orc:1 2 transporters, RighteousDevil's ghost, journeyman OgMo
Elf:1 !mace of holy wrath


Innate Abilities, Weirdness & Mutations

You are immune to poison.
Your flesh is cold resistant. (rC+)
You are immune to negative energy. (rN+++)
You are immune to unholy pain and torment.
You are vulnerable to heat. (rF-)
You are in touch with the powers of death.
You do not drink.


Message History

Unknown command.
Unknown command.
Unknown command.
Unknown command.
Unknown command.
You miss the tarantella. The redback bites you.
* * * LOW HITPOINT WARNING * * *
The tarantella touches you!
* * * LOW HITPOINT WARNING * * *
The tarantella closely misses you.
Unknown command.
Unknown command.
Unknown command.
The redback bites you but does no damage.
The entropy weaver points at you and mumbles some strange words.
The entropic weave corrodes you!
The tarantella completely misses you. x2
The redback bites you!
* * * LOW HITPOINT WARNING * * *
Unknown command.
Unknown command.
Unknown command.
The tarantella closely misses you. The entropy weaver hits you!
* * * LOW HITPOINT WARNING * * *
The entropy weaver completely misses you.
The entropy weaver misses you.
The entropy weaver completely misses you.
The tarantella closely misses you.
The redback bites you but does no damage.
The tarantella closely misses you. The entropy weaver hits you.
* * * LOW HITPOINT WARNING * * *
The entropy weaver hits you.
* * * LOW HITPOINT WARNING * * *
The entropy weaver barely misses you. The entropy weaver closely misses you.
The tarantella closely misses you.
There is a stone staircase leading down here.
Unknown command.
Unknown command.
You hit the tarantella but do no damage.
The tarantella is poisoned.
The redback closely misses you. The tarantella touches you!
You die...

### ####.# ###
##.#..## ##.#####
###..#..^# #^.##..#
#..s.#..## ##.....#
##^@.#..####......#
#Bss...#..##..####
####..#≈#.......#
#...##.##..#...##
#####
##..#..#..###...#
#.#.#
#.....###...#..##
###...##
##....#.#..#####
#.#....#
#..#....#.....#
..#...##
##.###.......###
.......# ###
###..#....#
.#..####
##.#..#...###


You could see an entropy weaver, 2 tarantellas and a redback.

Vanquished Creatures
  Saint Roka (Orc:2)
  Gastronok (D:10)
  Kirke (D:11)
  A ghost moth (Spider:2)
  An emperor scorpion (Spider:1)
  A broodmother (Spider:1)
  A reaper (IceCv)
  A stone giant (D:15)
  2 entropy weavers
  Azrael (Orc:1)
  A spark wasp (Spider:1)
  Erolcha (D:11)
  A rakshasa (D:14)
  Fannar (Lair:1)
  11 hydras
  A radroach (Spider:3)
  A jorogumo (Spider:2)
  2 boulder beetles
  2 ogre magi
  A catoblepas (Lair:4)
  6 centaur warriors
  9 two-headed ogres
  3 tengu warriors
  4 death yaks
  Urug (Lair:2)
  2 orc high priests (Orc:2)
  Nergalle (D:11)
  4 pharaoh ants
  6 steelbarb worms
  8 orb spiders
  3 lindwurms (Lair:6)
  A swamp dragon (Orc:2)
  2 harpies
  2 orc knights (Orc:2)
  11 wolf spiders
  3 deep elf pyromancers
  19 ugly things
  2 orc sorcerers
  An oklob plant (Lair:1)
  5 manticores
  5 moths of wrath
  8 elephants
  A merfolk siren (Lair:2)
  6 black mambas
  2 torpor snails (Lair:6)
  12 cane toads
  11 komodo dragons
  7 demonic crawlers
  4 rime drakes
  A freezing wraith (IceCv)
  5 ice devils (IceCv)
  8 trolls
  2 queen bees (D:12)
  3 meliai
  2 polar bears
  16 blink frogs
  5 slime creatures
  2 dream sheep (Lair:6)
  13 tarantellas
  A snapping turtle (Lair:2)
  15 culicivoras
  17 jumping spiders
  3 wraiths
  A shadow (D:9)
  A centaur simulacrum (D:14)
  3 wyverns
  4 hogs (D:11)
  A fire bat (Spider:2)
  40 yaks
  3 fire elementals (Orc:1)
  5 basilisks
  6 vampire mosquitoes
  28 redbacks
  A warg (Orc:1)
  A harpy simulacrum (IceCv)
  An acid dragon (D:12)
  4 hell hounds (Orc:1)
  24 water moccasins
  10 black bears
  An ice beast (D:6)
  34 orc warriors
  3 sky beasts
  A hornet zombie (D:8)
  3 necrophages
  20 wolves
  6 ogres
  5 boggarts
  22 centaurs
  A phantom (D:5)
  2 kobold brigands
  9 bullfrogs
  2 gnoll sergeants
  3 cane toad simulacra (IceCv)
  5 scorpions
  A two-headed ogre simulacrum (D:11)
  A wyvern skeleton (D:7)
  3 killer bees (D:10)
  An elephant simulacrum (IceCv)
  5 wights
  2 electric eels
  2 lava snakes (D:15)
  7 howler monkeys
  2 bullfrog zombies
  2 centaur zombies
  20 orc priests
  7 jellies
  Crazy Yiuf (D:2)
  3 hounds
  A gnoll shaman (D:10)
  A bullfrog skeleton (D:6)
  3 iguanas
  27 orc wizards
  2 polar bear simulacra (IceCv)
  2 troll simulacra (IceCv)
  7 spriggan simulacra
  A wolf simulacrum (IceCv)
  5 adders
  13 gnolls
  5 naga simulacra
  A shadow imp (D:6)
  5 white imps
  A worm (Lair:2)
  4 dart slugs
  102 orcs
  6 bats
  23 endoplasms
  11 giant cockroaches
  15 goblins
  9 hobgoblins
  7 quokkas
  6 ball pythons
  3 frilled lizards (D:1)
  13 kobolds
  7 rats
862 creatures vanquished.

Vanquished Creatures (others)
  A tengu conjurer (D:13)
  A white imp (IceCv)
  An orc (D:11)
  40 foxfires
  46 fungi
  59 plants
148 creatures vanquished.

Grand Total: 1010 creatures vanquished

Notes
Turn   | Place    | Note
-------+----------+-------------------------------------------
     0 | D:1      | isthmus the Mummy Cinder Acolyte began the quest for the
                  | Orb.
     0 | D:1      | Reached XP level 1. HP: 18/18 MP: 2/2
   114 | D:1      | Reached XP level 2. HP: 20/24 MP: 4/4
   295 | D:1      | Learned a level 2 spell: Scorch
   486 | D:1      | Reached XP level 3. HP: 22/29 MP: 5/5
  1330 | D:2      | Found a faded altar of an unknown god.
  1366 | D:2      | Identified the +5 spear "Haibbiar" {elec, rElec rN++ rCorr
                  | Int-2}
  1760 | D:2      | Reached XP level 4. HP: 32/35 MP: 7/7
  1979 | D:2      | Found a runed translucent door.
  1980 | D:2      | Noticed Crazy Yiuf
  2010 | D:3      | Reached skill level 1 in Polearms
  2445 | D:3      | Reached skill level 1 in Armour
  2620 | D:4      | Reached XP level 5. HP: 36/41 MP: 8/8
  2714 | D:4      | Found Ziech's General Store.
  2719 | D:4      | Found Nyece's Specific Store.
  3150 | D:5      | Entered Level 5 of the Dungeon
  3202 | D:5      | Noticed a water moccasin
  3212 | D:5      | Killed a water moccasin
  3213 | D:5      | Reached XP level 6. HP: 29/47 MP: 9/9
  3634 | D:5      | Reached XP level 7. HP: 44/52 MP: 10/10
  3670 | D:5      | Found a stormy altar of Qazlal.
  4183 | D:5      | You fall into a shaft and drop 3 floors!
  4344 | D:7      | Found Qiahough's Armour Shop.
  4375 | D:8      | Reached XP level 8. HP: 58/58 MP: 11/11
  4417 | D:8      | Reached skill level 5 in Polearms
  4469 | D:7      | Reached skill level 5 in Armour
  4928 | D:6      | Found a basalt altar of Yredelemnul.
  5453 | D:6      | Reached XP level 9. HP: 58/64 MP: 12/12
  5791 | D:6      | Learned a level 1 spell: Foxfire
  5952 | D:6      | Found a staircase to the Ecumenical Temple.
  6204 | D:7      | Learned a level 2 spell: Blink
  6231 | D:7      | Learned a level 3 spell: Mephitic Cloud
  6571 | D:7      | Found an opulent altar of Gozag.
  6635 | D:7      | Found an iron altar of Okawaru.
  6635 | D:7      | Found a radiant altar of Vehumet.
  6682 | D:7      | Reached skill level 4 in Fighting
  6704 | D:7      | Reached skill level 1 in Translocations
  7304 | D:8      | Found a shadowy altar of Dithmenos.
  7318 | D:8      | Found a sacrificial altar of Ru.
  7748 | D:7      | Bought a +1 kite shield of fire resistance for 231 gold
                  | pieces
  8222 | D:9      | Noticed a two-headed ogre
  8287 | D:9      | Identified the +0 ring mail of Polecya {Str+4 SInv}
  8352 | D:9      | Reached skill level 1 in Shields
  8427 | D:9      | Reached skill level 5 in Fighting
  8572 | D:9      | Reached XP level 10. HP: 69/74 MP: 14/14
  8930 | D:9      | Killed a two-headed ogre
  9201 | D:10     | Entered Level 10 of the Dungeon
 10869 | D:9      | Reached skill level 1 in Throwing
 11880 | D:10     | Identified the +0 robe of the Page of Pentacles {Drain
                  | rC+++ rN+ Regen+}
 11881 | D:10     | Found a staircase to the Lair.
 12191 | Lair:1   | Entered Level 1 of the Lair of Beasts
 12191 | Lair:1   | Noticed Gastronok
 12318 | D:10     | Killed Gastronok
 12319 | D:10     | Reached skill level 5 in Shields
 12319 | D:10     | Reached XP level 11. HP: 48/80 MP: 15/15
 12630 | Lair:2   | Found a hole to the Spider Nest.
 12811 | Lair:1   | Reached skill level 10 in Polearms
 13288 | Lair:1   | Noticed Fannar
 13305 | Lair:1   | Killed Fannar
 13386 | Lair:1   | Noticed a six-headed hydra
 13392 | Lair:1   | Killed a six-headed hydra
 13807 | Lair:1   | Noticed an oklob plant
 13890 | Lair:1   | Killed an oklob plant
 13891 | Lair:1   | Reached skill level 6 in Fighting
 14797 | Lair:2   | Noticed Urug
 14820 | Lair:2   | Killed Urug
 15007 | Lair:2   | Reached XP level 12. HP: 64/89 MP: 16/16
 15179 | Lair:2   | Found a staircase to the Shoals.
 15341 | Lair:3   | Found a transporter.
 15398 | Lair:3   | Found a transporter.
 16545 | Lair:3   | Reached skill level 7 in Fighting
 17070 | Lair:3   | Reached skill level 1 in Evocations
 18435 | Lair:5   | Noticed an eight-headed hydra
 18842 | Lair:5   | Noticed a death yak
 18892 | Lair:4   | Killed a death yak
 19063 | Lair:5   | Noticed an eight-headed hydra
 19065 | Lair:5   | Noticed a catoblepas
 19102 | Lair:4   | Killed a catoblepas
 19177 | Lair:4   | Killed an eight-headed hydra
 19657 | Lair:5   | Noticed an eight-headed hydra
 19691 | Lair:4   | Killed an eight-headed hydra
 19692 | Lair:4   | Gained mutation: You are in touch with the powers of death.
                  | [Mummy growth]
 19692 | Lair:4   | Reached XP level 13. HP: 8/98 MP: 17/17
 20935 | Lair:5   | Reached skill level 8 in Fighting
 21410 | Lair:6   | Entered Level 6 of the Lair of Beasts
 21481 | Lair:4   | Identified the +3 buckler of the Sneaky Friars {Harm rC-
                  | MP+9 Str+6}
 21612 | D:11     | Noticed Erolcha
 21698 | D:11     | Found a frozen archway.
 21700 | D:11     | Found a staircase to the Orcish Mines.
 21957 | IceCv    | Entered an ice cave
 23595 | IceCv    | Noticed a reaper
 23609 | IceCv    | Killed a reaper
 24206 | D:2      | Killed Crazy Yiuf
 24368 | D:7      | Bought a +2 pair of gloves of infusion for 301 gold pieces
 24368 | D:7      | Bought a +1 helmet of see invisible for 231 gold pieces
 24888 | D:11     | Noticed Nergalle
 24898 | D:11     | Killed Nergalle
 24899 | D:11     | Killed Erolcha
 25663 | Orc:1    | Entered Level 1 of the Orcish Mines
 26254 | Orc:2    | Entered Level 2 of the Orcish Mines
 27077 | Orc:2    | Reached skill level 9 in Fighting
 27210 | Orc:1    | Reached skill level 5 in Throwing
 27916 | Orc:2    | Noticed Azrael
 28101 | Orc:1    | Killed Azrael
 28495 | Orc:2    | Found Cata's Distillery.
 28551 | Orc:2    | Reached skill level 10 in Shields
 29758 | Orc:2    | Found Nidoecw's Book Emporium.
 29776 | Orc:2    | Found a staircase to the Elven Halls.
 29855 | Orc:2    | Reached XP level 14. HP: 90/109 MP: 13/18
 30034 | Orc:2    | Noticed Saint Roka
 30240 | Spider:1 | Entered Level 1 of the Spider Nest
 30257 | Spider:1 | Reached skill level 10 in Fighting
 30813 | D:12     | Reached skill level 5 in Evocations
 32969 | Lair:6   | Found a staircase to the Slime Pits.
 32971 | Lair:6   | Found a viscous altar of Jiyva.
 32987 | Lair:6   | Reached skill level 11 in Fighting
 35470 | Orc:2    | Killed Saint Roka
 35950 | Orc:2    | Found Siluzesigh's Antique Armour Shoppe.
 35953 | Orc:2    | Found Ibly's Antique Weapon Emporium.
 35970 | Orc:2    | Bought a polished chain mail for 266 gold pieces
 35970 | Orc:2    | Identified the +7 chain mail of the Trees {rPois rF- Dex+4}
                  | (You bought it in a shop on level 2 of the Orcish Mines)
 36385 | Orc:1    | Identified the +7 giant club of the Living Dead {venom,
                  | Fragile +Blink rPois Will++}
 36385 | Orc:1    | Identified the +3 great mace of Kedoyj {holy, Int+2}
 36386 | Orc:1    | Noticed RighteousDevil's ghost (journeyman OgMo)
 36388 | Orc:1    | Found a transporter.
 36389 | Orc:1    | Found a transporter.
 37119 | D:12     | Noticed Kirke
 37124 | D:12     | Noticed a sphinx
 37252 | D:11     | Killed Kirke
 37253 | D:11     | Reached XP level 15. HP: 110/120 MP: 6/19
 37482 | D:13     | Found a transporter.
 38929 | Spider:1 | Reached skill level 12 in Fighting
 42958 | Spider:3 | Noticed an emperor scorpion
 46186 | Spider:2 | Reached skill level 13 in Fighting
 48265 | Spider:1 | Killed an emperor scorpion
 49687 | D:13     | Reached skill level 10 in Armour
 49845 | D:13     | Found a transporter.
 50364 | D:13     | Found a one-way gate to the infinite horrors of the Abyss.
 50547 | D:14     | Reached XP level 16. HP: 131/131 MP: 13/22
 51383 | D:14     | Reached skill level 5 in Spellcasting
 52036 | D:14     | Found a gate to the Vaults.
 52672 | D:15     | Entered Level 15 of the Dungeon
 53948 | D:15     | Found Fenal's Distillery.
 54018 | D:15     | Found a staircase to the Depths.
 54036 | D:15     | Reached skill level 14 in Fighting
 54786 | D:13     | Noticed Dittersdorf's ghost (journeyman MiBe)
 56411 | Shoals:1 | Entered Level 1 of the Shoals
 56556 | Elf:1    | Entered Level 1 of the Elven Halls
 57358 | Spider:2 | HP: 6/120 [entropy weaver (6)]
 57359 | Spider:2 | Slain by a tarantella

Illustrated notes

Levels and vault maps discovered:
D:1:      tarquinn_simple_flora_water_e, layout_rooms
D:2:      cheibrodos_greedy_goblins, layout_rooms,
          hellmonk_ecumenical_altar_pennies_from_heaven, uniq_crazy_yiuf_cottage
D:3:      layout_rooms
D:4:      layout_rooms, minmay_misc_feat_enclosed, nicolae_specific_store
D:5:      layout_basic, grunt_qazlal_sundering, st_stairs_1,
          serial_park_tiny_pond, kennysheep_cluttered_room
D:6:      layout_basic, kennysheep_ying_yang, minmay_temple_entry_overgrown
D:7:      layout_cave_pods, nicolae_gozag_seed_capital,
          gammafunk_temple_overflow_pools, serial_shops, nicolae_take_the_stairs
D:8:      layout_basic, grunt_temple_overflow_open, chequers_garden
D:9:      layout_small_grid
D:10:     layout_long_grid, lair_entry_dummy, special_room [special_room_orc]
D:11:     layout_rooms, orc_0_dummy, portal_ice_cave_entry_ice_simulacra,
          uniq_nergalle, uniq_erolcha
D:12:     layout_irregular_city, uniq_kirke
D:13:     layout_basic, gammafunk_ghost_abyssal_escape
D:14:     layout_roguey, david_vaults_2, minmay_hedge_maze
D:15:     grunt_enter_depths_snipers, layout_basic, serial_shops,
          nicolae_shop_advertising_works [nicolae_subvault_shop_adworks],
          kennysheep_crisscross
Lair:1:   lemuel_slime, layout_regular_city, beast_lair_carwin_1,
          uniq_gastronok, uniq_fannar
Lair:2:   layout_roguey, minmay_shoals_entry_lonely_mermaid,
          nicolae_spider_entry_non_spiders, uniq_urug
Lair:3:   gammafunk_worm_tunnel, layout_hall_layers, lemuel_fruit_tree
Lair:4:   layout_roguey, serial_bayou_pond_b, nicolae_quartered_pool_little,
          lookout_lair_type, columned_hall_lemuel, grunt_forest_large_clearings
Lair:5:   layout_regular_city, nicolae_lair_yak_garden,
          infiniplex_staircase_pool, grunt_megastairs_2
Lair:6:   hangedman_lair_in_review, layout_loops_ring, slime_altar_1,
          st_stairs_12, gammafunk_lair_bear_cave
Shoals:1: layout_shoals, uniq_mlioglotl
Spider:1: layout_spider_delve, einodemon_crawler_minivault
Spider:2: layout_spider_delve
Spider:3: layout_spider_delve
Orc:1:    layout_caves, gammafunk_ghost_smash
Orc:2:    grunt_orc_community_town_hall, layout_diamond_mine,
          grunt_orc_community_big_house_2, grunt_orc_community_big_house_1,
          grunt_orc_community_house_1, grunt_orc_community_house_3,
          grunt_orc_community_house_3, grunt_orc_community_house_3, uniq_azrael
Elf:1:    eino_elf_arrival_shootout, layout_geoelf_grid, minmay_elf_demonology,
          minivault_20, minmay_shoptagon, uniq_nikola

Skill      XL: |  1  2  3  4  5  6  7  8  9 10 11 12 13 14 15 16 |
---------------+-------------------------------------------------+-----
Long Blades    | 3 |  3.5
Spellcasting   | 2 3 4 6 |  6.1
Polearms       | 2 3 4 7 8 9 11 12 13 | 13.0
Armour         | 1 2 3 4 5 6 7 8 10 | 10.9
Fire Magic     | 3 |  3.0
Fighting       | 5 6 7 9 11 13 14 | 14.3
Translocations | 1 2 |  2.1
Shields        | 2 5 7 8 10 11 12 | 12.5
Throwing       | 2 3 4 5 |  5.0
Evocations     | 2 4 5 6 |  6.0

Action                   |  1- 3 |  4- 6 |  7- 9 | 10-12 | 13-15 | 16-18 || total
-------------------------+-------+-------+-------+-------+-------+-------++-------
Melee: Falchion          |    89 |       |       |       |    20 |       ||   109
       Spear             |    22 |    98 |   417 |  1082 |  2372 |   561 ||  4552
       Punch             |       |     1 |     4 |       |       |       ||     5
Throw: Dart              |       |     2 |     4 |    16 |    35 |    14 ||    71
       Stone             |       |     2 |       |     1 |       |       ||     3
       Javelin           |       |       |       |     6 |     7 |     5 ||    18
       Throwing net      |       |       |       |       |     2 |       ||     2
       Boomerang         |       |       |       |       |       |     1 ||     1
 Cast: Scorch            |    12 |       |     2 |       |       |     2 ||    16
       Foxfire           |       |       |    18 |       |       |       ||    18
Invok: Fiery Armour      |     1 |       |     1 |     2 |     3 |       ||     7
       Foxfire Swarm     |       |       |       |       |     1 |       ||     1
Evoke: Wand              |       |       |       |     2 |    48 |     4 ||    54
  Use: Scroll            |     1 |     3 |     5 |     3 |    12 |       ||    24
 Stab: Petrified         |       |       |       |     2 |       |       ||     2
       Paralysed         |       |       |       |       |    10 |       ||    10
       Held in net/web   |       |       |       |       |     3 |       ||     3
Armor: Robe              |    10 |       |       |       |       |       ||    10
       Leather armour    |    24 |     1 |    20 |       |       |       ||    45
       Chain mail        |       |    23 |   141 |       |    83 |       ||   247
       Plate armour      |       |       |    98 |   621 |  1276 |   282 ||  2277
       Skin              |       |       |       |       |     2 |       ||     2
Dodge: Dodged            |    61 |    24 |   134 |   202 |   582 |   224 ||  1227
Block: Kite shield       |       |       |    29 |   472 |  1242 |   303 ||  2046
       Tower shield      |       |       |       |       |    28 |       ||    28
